[Event "Germany Countries-chT Youth 2022"]
[Site "Wiesbaden"]
[Date "2022.10.02"]
[Round "4"]
[White "Heinrich, John"]
[Black "Bosselmann, Tom Linus"]
[Result "1-0"]
[ECO "B55"]
[WhiteElo "2139"]
[BlackElo "2061"]
[Annotator "TA"]
[PlyCount "69"]
[EventDate "2022.09.28"]
[EventType "team-tourn"]
[EventRounds "7"]
[EventCountry "GER"]
[SourceTitle "playchess.com"]
[Source "ChessBase"]
[SourceQuality "1"]
[TimeControl "40/5400+30:1800+30"]

1. e4 c5 2. Nf3 d6 3. d4 cxd4 4. Nxd4 Nf6 5. f3 e5 6. Bb5+ Bd7 7. Bxd7+ Qxd7 8. Nf5 d5 9. Bg5 dxe4 10. Bxf6 Qxd1+ 11. Kxd1 gxf6 12. fxe4 Na6 {[%emt 0:08:23] B55: Sicilian: 2...d6 3 d4 cxd4 4 Nxd4 Nf6 5 f3.} 13. Nc3 {[%emt 0:03:17] White is more active. Pair of Knights!} O-O-O+ 14. Ke2 Nb4 {[%emt 0:23:15] Inhibits Nd5. White is clearly better.} 15. Rac1 Rg8 16. g3 Rg5 {[%emt 0:01:40] [#]} 17. Rhd1 $146 ({Predecessor:} 17. h4 Rg4 18. Kf3 h5 19. Rhd1 Rxd1 20. Nxd1 Nxa2 21. Ra1 Nb4 22. Nde3 Rg8 23. Rxa7 {1-0 (58) Vas,P (2138)-Dragun,K (2030) Barlinek 2007}) 17... Rxd1 18. Kxd1 Kd7 19. Ke2 $1 Nc6 20. Rd1+ Nd4+ 21. Nxd4 exd4 22. Rxd4+ $18 {[%emt 0:00:31][%mdl 4096] Endgame KRB-KRN} Ke6 23. Rd5 (23. Rd8 $18 {has better winning chances.} Bc5 24. Nd5) 23... Bb4 (23... Rxd5 $142 24. exd5+ (24. Nxd5 Ke5 $14) 24... Ke5) 24. Kd3 Re5 (24... Bc5 $16 25. Kc4 Bg1) 25. Kd4 Bxc3+ $2 (25... b6 {is more resistant.} 26. Rxe5+ fxe5+ 27. Kd3 Bc5) 26. bxc3 ({Less strong is} 26. Kxc3 Rxd5 27. exd5+ Kxd5 $14) 26... Rg5 (26... a6 $142 27. c4 Rg5) 27. Rxg5 fxg5 {[%emt 0:00:01] KP-KP} 28. g4 f6 {[%emt 0:04:15] [#]} 29. c4 $1 Kd6 {[%emt 0:01:22] [#]} 30. c5+ $1 Ke6 31. a4 a6 32. a5 {[%emt 0:01:12] White mates.} h6 33. h3 Ke7 34. Kd5 Kd7 35. c3 {[%emt 0:00:43] Weighted Error Value: White=0.09 (flawless) /Black=0.71} (35. c4 $142 Kc7 36. Ke6 Kc6 37. Kxf6 Kxc5 38. e5 Kc6 39. e6 Kc5 40. e7) 1-0

[Event "Germany Countries-chT Youth 2022"]
[Site "Wiesbaden"]
[Date "2022.10.02"]
[Round "4"]
[White "Sommer, Justus"]
[Black "Hassemeier, Mika"]
[Result "1-0"]
[ECO "C41"]
[WhiteElo "2122"]
[BlackElo "2095"]
[Annotator "TA"]
[PlyCount "43"]
[EventDate "2022.09.28"]
[EventType "team-tourn"]
[EventRounds "7"]
[EventCountry "GER"]
[SourceTitle "playchess.com"]
[Source "ChessBase"]
[SourceQuality "1"]
[TimeControl "40/5400+30:1800+30"]

1. e4 d6 2. d4 Nf6 3. Nc3 e5 4. Nf3 Nbd7 5. Bc4 Be7 6. Ng5 O-O 7. Bxf7+ Rxf7 8. Ne6 Qe8 9. Nxc7 Qd8 10. Nxa8 b5 11. dxe5 Nxe5 {[%emt 0:03:03] C41: Philidor Defence.} 12. Nd5 (12. O-O $11 {keeps the balance.}) 12... Nxd5 $1 $17 13. Qxd5 Bh4 ({Black should play} 13... Bf6 $17 {...Bb7 is the strong threat.} 14. O-O Bb7 15. Qxb5 Bxe4) 14. Be3 ({Don't blunder} 14. Qxb5 $2 Bxf2+ 15. Kd2 Qg5+ 16. Kc3 Qxg2 $19) 14... Bb7 15. Qxb5 Qxa8 16. O-O-O {[%emt 0:02:35][%cal Ba1d1,Bd1d6,Bd6d8][%mdl 32] [#]} Bxe4 $146 ({Predecessor:} 16... Bxf2 17. Bxf2 Rxf2 18. Rxd6 Ng4 19. Rhd1 Rf8 20. Rd7 Bxe4 21. Qg5 Bg6 22. Qxg4 Qc6 23. R7d2 Rc8 24. c3 h5 25. Qxc8+ Qxc8 26. Rd8+ {1-0 (26) Guimaraes,D (2242)-Carroll,P (2009) Chess.com INT 2020}) 17. Rxd6 {[%emt 0:02:56] [#]} Bxg2 $2 {[%emt 0:04:45] [#] A strong pair of Bishops.} (17... Qc8 $1 $17 {[%csl Ge4][%cal Rc8c2] and life is bright.} 18. c3 Qf5 19. Qe8+ Rf8 20. Qe6+ Qxe6 21. Rxe6 Nd3+ 22. Kd2 Bf5) 18. Rhd1 $1 $16 Bf6 {[%emt 0:09:26] [#]} 19. Bd4 $1 $36 {[%emt 0:09:34][%mdl 2048] White has strong initiative. White has more active pieces.} Qe4 (19... Rb7 $16 20. Qc5 Bg5+ 21. f4 Bxf4+ 22. Be3 Nf7 23. Bxf4 Nxd6) 20. Bxe5 $18 {[%emt 0:04:29][%cal Od6d8] Black must now prevent Rd8+!} Bxe5 21. Rd8+ Rf8 22. Qb3+ {[%emt 0:00:16] Weighted Error Value: White=0.17 (very precise) /Black=0.91} 1-0

[Event "Germany Countries-chT Youth 2022"]
[Site "Wiesbaden"]
[Date "2022.10.02"]
[Round "4"]
[White "Besou, Hussain"]
[Black "Huber, Benedikt"]
[Result "0-1"]
[ECO "E04"]
[WhiteElo "2119"]
[BlackElo "2299"]
[Annotator "TA"]
[PlyCount "134"]
[EventDate "2022.09.28"]
[EventType "team-tourn"]
[EventRounds "7"]
[EventCountry "GER"]
[SourceTitle "playchess.com"]
[Source "ChessBase"]
[SourceQuality "1"]
[TimeControl "40/5400+30:1800+30"]

1. d4 d5 2. c4 e6 3. Nf3 Nf6 4. g3 dxc4 5. Bg2 c5 6. O-O Nc6 7. dxc5 Qxd1 8. Rxd1 Bxc5 9. Nbd2 c3 10. bxc3 O-O 11. Nb3 Be7 {[%emt 0:00:12] E04: Open Catalan: 5 Nf3.} 12. Nfd4 Nxd4 $1 {[%emt 0:00:41][%mdl 4] is now more promising than 12...Bd7.} 13. cxd4 Nd5 {[%emt 0:00:08] The position is equal.} 14. e4 Nc3 15. Re1 Bd7 16. Bd2 Rac8 {[%emt 0:00:41] [#]} 17. Re3 $146 ({Predecessor:} 17. e5 b6 18. Bxc3 Rxc3 19. d5 exd5 20. Bxd5 Rd8 21. Rac1 Rxc1 22. Rxc1 Bg4 23. Be4 {0-1 (40) Navumenka,M (2188)-Tsaruk,M (2324) Grodno 2021}) 17... Nb5 18. Rd3 Rfd8 19. Na5 Be8 20. d5 {[%emt 0:07:06] e5 is the strong threat.} b6 21. Nb3 exd5 22. exd5 Bf6 23. Rc1 Rxc1+ 24. Nxc1 Nd6 25. Be3 Bb5 26. Rd1 Bc4 27. Nb3 ({Better is} 27. Nd3 $11) 27... Nb5 $1 $15 28. Rd2 Kf8 29. Nd4 Nxd4 30. Bxd4 Bxd4 31. Rxd4 Bxa2 $17 {[%emt 0:00:06][%mdl 4096] Endgame Strongly threatening ...b5. KRB-KRB} 32. Ra4 Bb3 ({Much weaker is} 32... Bxd5 $6 33. Rd4 $11) 33. Rxa7 Bxd5 34. Bxd5 Rxd5 {[%emt 0:00:05] KR-KR} 35. Rb7 Rd6 36. Kg2 g6 37. Kf3 Kg7 38. h4 Kf6 39. Ke4 Ke6 40. f3 (40. g4 $15) 40... h6 41. Rb8 f5+ 42. Kf4 h5 $1 {[%emt 0:01:42] And now ...Kd5 would win.} 43. Rb7 $2 {[%emt 0:00:00][%mdl 8192] [#]} (43. g4 $17) 43... Kd5 $1 $19 44. g4 fxg4 45. fxg4 hxg4 46. Kxg4 Kc6 47. Rb8 Kc7 48. Rf8 b5 {[%emt 0:00:27][%cal Bb6b5,Bb5b4][%mdl 32] ( -> ...Kb6)} 49. Rf7+ Kc6 50. Rf8 b4 51. Rb8 Kc5 52. Kg5 Kc4 53. Rc8+ Kd4 54. Rb8 Kc3 55. Rc8+ Kd2 $2 (55... Kb2 {mates} 56. Rb8 b3 57. Kh6 Ra6 58. Rh8 Ka2 59. Rh7 b2 60. Rb7 b1=Q 61. Rxb1 Kxb1 62. Kg7 Kc2 63. Kf7 Kd3 64. Ke7 Kc4 65. Kf7 Kd5 66. Ke7 Re6+ 67. Kd7 Re4 68. Kc7 Kc5 69. Kd7 Re2 70. Kc7 Re7+ 71. Kd8 Kd6 72. h5 gxh5 73. Kc8 Rh7 74. Kb8 Kc6 75. Ka8 Kb6 76. Kb8 Rh8#) 56. Rb8 $11 Kc3 $2 (56... Rd4 $11 57. Rb6 Kc3 58. Rxg6 b3 59. Rc6+ Kd2) 57. Rc8+ Kb3 58. Rg8 Kc4 59. Rc8+ Kd5 {[%emt 0:01:01] Black mates.} 60. Rb8 {[%emt 0:00:08] [#]} Kc5 $1 61. Rc8+ Rc6 62. Rb8 Kc4 63. Rf8 b3 64. Rf4+ Kc3 65. Rf3+ Kb4 66. Rf4+ Ka3 67. Rf3 Ka2 {[%emt 0:00:09] Weighted Error Value: White=0.41/Black=0.28 (precise)} 0-1

[Event "Germany Countries-chT Youth 2022"]
[Site "Wiesbaden"]
[Date "2022.10.02"]
[Round "4"]
[White "Lange, Jannis"]
[Black "Hommer, Jeremy"]
[Result "1/2-1/2"]
[ECO "C11"]
[WhiteElo "2085"]
[BlackElo "2184"]
[Annotator "TA"]
[PlyCount "70"]
[EventDate "2022.09.28"]
[EventType "team-tourn"]
[EventRounds "7"]
[EventCountry "GER"]
[SourceTitle "playchess.com"]
[Source "ChessBase"]
[SourceQuality "1"]
[TimeControl "40/5400+30:1800+30"]

1. e4 e6 2. d4 d5 3. Nc3 Nf6 4. e5 Nfd7 5. f4 c5 6. Nf3 Nc6 7. Be3 a6 8. Qd2 b5 9. Nd1 {[%emt 0:03:48] C11: French: Classical System: 4 e5 and 4 Bg5 dxe4.} b4 $1 {[%emt 0:00:11][%mdl 4] is more profitable than 9...Be7 at the moment.} 10. c4 bxc3 11. bxc3 {[%emt 0:00:34] [#]} a5 $146 ({Black should play} 11... cxd4 $11 12. Nxd4 Nxd4 13. Bxd4 Rb8) ({Predecessor:} 11... Bb7 12. Be2 Be7 13. O-O O-O 14. Nf2 cxd4 15. Nxd4 Nc5 16. Nxc6 Bxc6 17. Bd4 Qa5 {½-½ (43) Ambartsumova,K (2272)-Unuk,L (2276) Rijeka 2016}) 12. Bb5 $14 Qb6 13. Rb1 Ba6 14. Bd3 (14. c4 $14) 14... Qc7 15. O-O Be7 16. Nf2 ({Better is} 16. Bxa6 $14 Rxa6 17. f5) 16... Bxd3 17. Qxd3 c4 (17... cxd4 $11 18. Nxd4 O-O) 18. Qc2 g6 {[%emt 0:00:26] Inhibits f5.} 19. Ng5 Nf8 20. a4 {[%emt 0:02:31] White is much more active.} h6 21. Nf3 h5 22. Rb5 Nd7 23. Nh3 Rb8 24. Rfb1 Rxb5 25. Rxb5 Na7 26. Rb2 Nb6 27. Nhg5 Qc6 28. Nh4 {[%emt 0:07:02][%cal Og5f7] Black must now prevent Nxf7!} Rg8 29. Ra2 Nac8 30. Bc1 Kf8 31. h3 Kg7 (31... Bd8 $11) 32. Nhf3 Rh8 {[%emt 0:01:43] [#]} 33. Nh4 (33. g4 $1 $16) 33... Rg8 $11 34. Nhf3 ({White should try} 34. Qf2 $11) 34... Rh8 $1 $16 {[%emt 0:00:30] [#]} 35. Nh4 (35. g4 $1 $16) 35... Rg8 {[%emt 0:00:54] Weighted Error Value: White=0.21 (precise) /Black=0.16 (very precise)} 1/2-1/2

[Event "Germany Countries-chT Youth 2022"]
[Site "Wiesbaden"]
[Date "2022.10.02"]
[Round "4"]
[White "Leonard, Timo"]
[Black "Kolb, Tobias"]
[Result "1/2-1/2"]
[ECO "D30"]
[WhiteElo "2067"]
[BlackElo "2357"]
[Annotator "TA"]
[PlyCount "98"]
[EventDate "2022.09.28"]
[EventType "team-tourn"]
[EventRounds "7"]
[EventCountry "GER"]
[SourceTitle "playchess.com"]
[Source "ChessBase"]
[SourceQuality "1"]
[TimeControl "40/5400+30:1800+30"]

1. d4 d5 2. c4 e6 3. Nf3 a6 4. Bg5 Nf6 5. cxd5 exd5 6. Nc3 Be7 7. e3 h6 8. Bh4 O-O 9. Bd3 Nbd7 10. O-O c6 11. Qc2 Re8 12. Bg3 Nf8 {[%emt 0:12:57] D36: Queen's Gambit Declined: Exchange Variation: Main line (5 Bg5 c6 6 Qc2).} 13. h3 Ne6 14. Rab1 {[%emt 0:04:25] [#]} (14. Na4 {seems wilder.} Ng5 15. Ne5 Bd6 16. f3) 14... g6 $146 {[%emt 0:17:32] White is slightly better.} ({Predecessor:} 14... c5 15. dxc5 Nxc5 16. Bf5 {½-½ (16) Umansky,V (2315)-Benza,A (2272) Lipetsk 2009}) 15. b4 Ng7 16. Bf4 h5 17. a4 Bf5 18. Bxf5 Nxf5 19. b5 cxb5 20. axb5 a5 21. Qb3 {[%emt 0:02:10] White is more active.} (21. Be5 $16) 21... Bb4 $1 $11 22. Na2 Be7 ({Resist} 22... Bd6 23. Bg5 $14) 23. Nc3 Bb4 $1 24. Bg5 ({White should try} 24. Rfc1 $14) 24... Bxc3 $15 25. Bxf6 Qxf6 26. Qxc3 Nd6 27. Qc5 Ne4 $1 28. Qxd5 (28. Qc7 $15) 28... Nc3 $1 $19 29. Qxb7 {[%emt 0:00:03] Hoping for Rb3.} Nxb1 30. Rxb1 {[%emt 0:00:03] [#]} Reb8 (30... Qf5 $1 $19 {[%cal Rf5b1] has better winning chances.} 31. Ra1 Reb8) 31. Qd5 $17 Qf5 32. Qxf5 gxf5 {[%emt 0:00:02][%mdl 4096] Endgame KRR-KRN} 33. Ne5 {[%emt 0:02:30] [#]} ({But not} 33. b6 $2 a4 34. Ne5 (34. b7 $2 Ra7 $19) 34... Rb7 $19) 33... a4 ({Better is} 33... Rb7 $1 $17 {...a4 is the strong threat.} 34. Nd3 Rab8) 34. Nd7 $1 $15 Rb7 {[%emt 0:00:30][%mdl 1024] Black has compensation.} 35. Nc5 Rb6 {[%emt 0:00:03] Strongly threatening ...a3.} 36. Ra1 a3 37. Na6 Ra7 ({Don't play} 37... Rxb5 38. Nc7 Rbb8 39. Nxa8 Rxa8 40. Ra2 $16) 38. Rxa3 Rxb5 {[%emt 0:00:02] White must now prevent ...Rb1+.} 39. Ra4 Rb1+ (39... f4 $5 40. Rb4 Rxb4 41. Nxb4 Ra1+ 42. Kh2 fxe3 43. fxe3 h4 $11) 40. Kh2 h4 (40... f4 $5 41. exf4 h4 $17) 41. g3 {[%emt 0:39:01] The position is equal.} Rb2 42. Kg2 hxg3 43. Kxg3 f4+ {[%emt 0:01:32][%mdl 64] Decoy} 44. Kxf4 Rxf2+ 45. Kg3 Re2 46. Kf3 Rh2 47. Kg3 Re2 48. Kf3 Rh2 49. Kg3 Re2 {[%emt 0:01:08] Whites escaped into a draw.  Weighted Error Value: White=0.17 (very precise) /Black=0.12 (very precise)} 1/2-1/2

[Event "Germany Countries-chT Youth 2022"]
[Site "Wiesbaden"]
[Date "2022.10.02"]
[Round "4"]
[White "Chassard, Cedric"]
[Black "Geltz, Noah"]
[Result "0-1"]
[ECO "B52"]
[WhiteElo "2042"]
[BlackElo "2142"]
[Annotator "TA"]
[PlyCount "72"]
[EventDate "2022.09.28"]
[EventType "team-tourn"]
[EventRounds "7"]
[EventCountry "GER"]
[SourceTitle "playchess.com"]
[Source "ChessBase"]
[SourceQuality "1"]
[TimeControl "40/5400+30:1800+30"]

1. e4 c5 2. Nf3 d6 3. Bb5+ Bd7 4. Bxd7+ Nxd7 5. O-O Ngf6 6. Qe2 e6 7. c3 {[%emt 0:00:15] is now more promising than 7.b3.} Be7 8. d4 O-O 9. Nbd2 {[%emt 0:11:09] B52: Sicilian: Moscow Variation with 3...Bd7.} cxd4 10. cxd4 Rc8 11. Rd1 {[%emt 0:10:32] [#] The position is equal.} Qa5 $146 ({Predecessor:} 11... a6 12. Nf1 d5 13. e5 Ne4 14. Ne1 h6 15. f3 Ng5 16. Ng3 Qb6 17. f4 Nh7 {½-½ (32) Szakolczai,P (2275)-Gruenenwald,J (2331) Switzerland 2011}) 12. Nb3 Qb4 13. Bg5 h6 14. Bh4 d5 15. e5 Ne4 16. Bxe7 Qxe7 17. Rac1 Nb6 18. Ne1 Nc4 19. f3 Ng5 20. Rc2 f6 21. Nd2 Nxd2 22. Rdxd2 fxe5 23. Qxe5 Nf7 24. Qe3 Nd6 {[%emt 0:03:09] [#] Threatens to win with ...Nc4.} 25. b3 {Against Nc4} Nf5 26. Qe5 Qd6 27. Qxd6 Nxd6 28. Kf2 $2 {[%emt 0:05:07][%mdl 8192] [#]} (28. Rxc8 $11 {and White has nothing to worry.} Rxc8 29. Kf2) 28... Ne4+ $1 $19 29. Ke3 Nxd2 30. Kxd2 Rxc2+ 31. Kxc2 {[%emt 0:00:20][%mdl 4096] Endgame KR-KN} b6 32. Nd3 g5 33. Ne5 Kg7 34. Kd2 Rc8 35. Nd3 Kf6 36. Ne5 h5 {[%emt 0:00:58] Weighted Error Value: White=0.28 (precise) /Black=0.05 (flawless)} 0-1

[Event "Germany Countries-chT Youth 2022"]
[Site "Wiesbaden"]
[Date "2022.10.02"]
[Round "4"]
[White "Pikalow, Michael"]
[Black "Muller, Magnus"]
[Result "0-1"]
[ECO "B23"]
[WhiteElo "2037"]
[BlackElo "1464"]
[Annotator "TA"]
[PlyCount "126"]
[EventDate "2022.09.28"]
[EventType "team-tourn"]
[EventRounds "7"]
[EventCountry "GER"]
[SourceTitle "playchess.com"]
[Source "ChessBase"]
[SourceQuality "1"]
[TimeControl "40/5400+30:1800+30"]

1. e4 c5 2. Nc3 d6 3. d4 cxd4 4. Qxd4 Nc6 5. Qd2 e6 6. b3 {[%emt 0:00:10] B23: Closed Sicilian: Lines without g3.} Nf6 7. Bb2 d5 {[%emt 0:00:04] is cutting edge theory.} 8. exd5 {[%emt 0:08:02] The position is equal.} exd5 9. O-O-O Be6 10. Nge2 Qa5 $1 {[%emt 0:10:28] [#]} 11. f3 $146 ({Predecessor:} 11. Kb1 Bb4 12. a3 Ne4 13. Qe1 Bxa3 14. Nxe4 Qxe1 15. Rxe1 Bxb2 16. Kxb2 dxe4 17. Nf4 {0-1 (32) Pridorozhni,A (2564)-Sarana,A (2656) Khanty-Mansiysk 2021}) 11... Ba3 12. Nd4 (12. Kb1 $5 ) 12... Rc8 (12... O-O $5 ) 13. Kb1 {[%emt 0:13:03] Strongly threatening Nxc6.} (13. Ncb5 $5 Qxd2+ 14. Rxd2 $14) 13... Bb4 (13... Bxb2 $11 {remains equal.} 14. Kxb2 O-O) 14. Nxe6 (14. a3 $1 $16 Bxa3 15. Nxc6 Rxc6 16. Bb5) 14... fxe6 $11 15. Qe3 Kf7 {[%emt 0:07:05] Threatens to win with ...d4.} 16. Nb5 {[%emt 0:04:37] Inhibits d4. Hoping for a3.} (16. Re1 Rhe8 17. a3 Bxa3 18. Bxa3 Qxa3 $17) 16... a6 17. Nd4 Nxd4 18. Qxd4 Bc3 19. Bxc3 Qxc3 20. Qxc3 Rxc3 21. Rd3 Rc7 22. Be2 Rhc8 23. Rc1 b5 24. g4 Ke7 25. c4 (25. h4 $15) 25... dxc4 $17 26. bxc4 Rxc4 (26... bxc4 $6 27. Rdc3 $11) 27. Rxc4 Rxc4 {[%emt 0:01:03][%mdl 4096] Endgame KRB-KRN} (27... bxc4 $6 28. Rc3 $11) 28. Ra3 Rc6 29. Ra5 (29. f4 $17) 29... Nd5 $19 {[%emt 0:00:35] And now ...Nc3+ would win.} 30. Bd3 h6 31. Kb2 Kd6 (31... Ne3 $19 32. Ra3 Nd1+ 33. Kb1 Nc3+ 34. Kb2 Nd1+ 35. Kb1 g5) 32. a4 $17 Nc7 (32... Ke5 $142 33. axb5 axb5 34. Rxb5 Kf4) 33. axb5 axb5 34. Kb3 (34. Ra7 $17) 34... Rc5 ({Not} 34... Nd5 35. Be4 $17) 35. Be4 Rc1 36. Ra2 (36. h4 $142) 36... Kc5 (36... Rh1 $17 37. g5 Rc1) 37. Ra7 $15 Kd4 38. Bc2 Nd5 39. Rxg7 Re1 $1 40. Be4 Re3+ 41. Kb2 Re2+ 42. Kb3 Rxh2 43. Rb7 Kc5 44. Rb8 Nb6 {[%emt 0:03:30] Black is more active.} 45. Bd3 Rf2 46. Rf8 (46. Be4 $17) 46... Nc4 $2 (46... Nd7 $1 $19 47. Rc8+ Kd6) 47. Bxc4 $11 bxc4+ {[%emt 0:00:54] KR-KR} 48. Kc3 Kd5 49. Rf4 Rf1 50. Rd4+ Ke5 51. Re4+ Kf6 52. f4 Rg1 53. g5+ (53. Kxc4 $11 {and White has nothing to worry.} Rxg4 54. Kd3) 53... Kf5 $19 ({Worse is} 53... hxg5 54. fxg5+ Kf5 55. Re2 $15) 54. Rxc4 Rc1+ $2 ({Don't go for} 54... hxg5 $2 55. Rc5+ Kxf4 56. Kd2 $19) (54... Rg3+ $19 55. Kd2 h5) 55. Kd3 $11 Rxc4 56. Kxc4 hxg5 57. fxg5 Kxg5 {[%emt 0:00:05] ( -> ...e5). KP-K} 58. Kd3 Kf5 59. Kd2 $2 (59. Ke3 $11) 59... Kf4 $2 (59... Ke4 $1 {mates} 60. Ke2 e5 61. Kd2 Kf3 62. Kd1 Kf2 63. Kc1 e4 64. Kd2 e3+ 65. Kc3 e2 66. Kd4 e1=Q 67. Kd5 Qe7 68. Kd4 Ke2 69. Kc4 Ke3 70. Kd5 Kd3 71. Kc6 Kc4 72. Kb6 Qd7 73. Ka6 Kc5 74. Ka5 Qb5#) 60. Kd3 $2 {[%emt 0:00:35][%mdl 8192] [#]} (60. Ke2 $11 Ke4 61. Kf2 Kd3 62. Ke1 e5 63. Kf2 e4 64. Ke1 Ke3 65. Kd1 Kf2 66. Kd2 e3+ 67. Kd3 e2 68. Ke4 e1=Q+ 69. Kd5 Qe7 70. Kd4 Qd6+ 71. Kc3 Ke2 72. Kc4 Kd2 73. Kb3 Qd5+ 74. Ka3 Qb5 75. Ka2 Kc3 76. Ka3 Qb3#) 60... e5 $1 {[%emt 0:00:19] Black mates.} 61. Ke2 Ke4 62. Kf2 {[%emt 0:00:13] [#]} Kd3 $1 63. Ke1 Ke3 {Weighted Error Value: White=0.43/Black=0.32} 0-1

[Event "Germany Countries-chT Youth 2022"]
[Site "Wiesbaden"]
[Date "2022.10.02"]
[Round "4"]
[White "Falke, Ornella"]
[Black "Kempe, Caius Emilian"]
[Result "1-0"]
[ECO "C12"]
[WhiteElo "1953"]
[BlackElo "2030"]
[Annotator "TA"]
[PlyCount "115"]
[EventDate "2022.09.28"]
[EventType "team-tourn"]
[EventRounds "7"]
[EventCountry "GER"]
[SourceTitle "playchess.com"]
[Source "ChessBase"]
[SourceQuality "1"]
[TimeControl "40/5400+30:1800+30"]

1. e4 e6 2. d4 d5 3. Nc3 Nf6 4. Bg5 Bb4 5. e5 h6 6. Bd2 Bxc3 7. bxc3 Ne4 8. Qg4 {[%emt 0:00:31] 8.Bc1 is the fancy move.} Kf8 9. Qf4 {[%emt 0:01:56] C12: French: Classical System: McCutcheon Variation.} c5 10. Bd3 Nxd2 11. Qxd2 {[%emt 0:00:10] Black has an edge.} Nc6 12. Nf3 Qa5 13. h4 (13. dxc5 $11 Qxc5 14. O-O) 13... Bd7 {[%emt 0:02:04] [#]} (13... c4 $15 14. Be2 Kg8) 14. Rb1 $146 (14. dxc5 $11 Qxc5 15. O-O) ({Predecessor:} 14. h5 Rc8 15. a3 cxd4 16. cxd4 Qxd2+ 17. Kxd2 Na5 18. Rh4 Nc4+ 19. Bxc4 Rxc4 20. Rg4 {1-0 (44) Bozkurt,I (2173)-Kaufman,L (2320) ICC INT 2014}) 14... Rb8 15. h5 (15. dxc5 $11 Qxa2 16. O-O) 15... cxd4 ({Reject} 15... Qxa2 $6 16. O-O Qa5 17. dxc5 $11) ({Better is} 15... c4 $17 16. Be2 Qxa2) 16. cxd4 $11 Qxd2+ 17. Kxd2 Na5 18. Rb4 Ke7 19. Rhb1 Rhc8 20. Ke3 (20. c3 $11) 20... Rc3 $15 21. Nd2 b6 22. Rc1 Rbc8 23. Nb1 $1 {[%emt 0:00:40] Prevents Ra3.} R3c7 24. a4 (24. g4 $11 {keeps the balance.}) 24... Nc4+ $17 25. Ke2 (25. Bxc4 $17 Rxc4 26. Rxc4 Rxc4 27. a5) 25... a5 $19 26. Rb3 Bxa4 27. Bxc4 Rxc4 28. Rxb6 Rxd4 29. Rb7+ Bd7 30. f3 Rdc4 31. Kd2 f6 32. Na3 (32. exf6+ $142 gxf6 33. Ra7) 32... Ra4 33. exf6+ gxf6 34. Rb3 e5 35. Nb5 (35. c3 {might work better.}) 35... Rb4 36. Nc3 Rd4+ 37. Ke2 a4 38. Ra3 Ke6 39. Rb1 Rh4 (39... Rdc4 $19 40. Rb6+ R8c6 41. Rxc6+ Bxc6) 40. g4 $2 (40. Rb6+ $17 Rc6 41. Rxa4 Rxb6 42. Rxh4) 40... Rh2+ 41. Kd3 Rc4 42. Rb6+ Bc6 43. Rxa4 e4+ $2 (43... Rc5 $19 {Threatens to win with ...Rf2.} 44. Ne2 Rh3) 44. Nxe4 $1 $11 Rxa4 45. Rxc6+ {[%emt 0:00:00][%mdl 4096] Endgame KRR-KRN} Kd7 (45... Ke5 $11 {remains equal.} 46. Nxf6 Ra7) 46. Rd6+ $16 Ke7 47. Rxd5 Rh1 48. Ke3 Rc4 49. c3 Rc1 50. Rd3 Rc6 51. Kf4 Ke6 {[%emt 0:00:00] [#]} 52. Re3 {[%emt 0:00:00] White is more active.} ({White should play} 52. Rd8 $1 $16) 52... Kf7 {[%emt 0:00:00] [#]} (52... Rc4 $11) 53. Kf5 (53. Re2 $1 $16) 53... Rd1 $1 $11 54. c4 Rxc4 55. Nxf6 Rc5+ 56. Re5 Rf1 $2 57. Rxc5 Rxf3+ 58. Ke4 $2 {White used his chance.  Weighted Error Value: White=0.44/Black=0.50} ({White has to play} 58. Ke5 $18 Ra3 59. g5 Re3+ 60. Ne4 hxg5 61. Rc7+ Ke8 62. h6) 1-0

[Event "Germany Countries-chT Youth 2022"]
[Site "Wiesbaden"]
[Date "2022.10.02"]
[Round "4"]
[White "Möller, Maurin"]
[Black "Stichter, Constantin Paul"]
[Result "1-0"]
[ECO "C02"]
[WhiteElo "1936"]
[BlackElo "1620"]
[Annotator "TA"]
[PlyCount "71"]
[EventDate "2022.09.28"]
[EventType "team-tourn"]
[EventRounds "7"]
[EventCountry "GER"]
[SourceTitle "playchess.com"]
[Source "ChessBase"]
[SourceQuality "1"]
[TimeControl "40/5400+30:1800+30"]

1. e4 e6 2. d4 d5 3. e5 c5 4. c3 Nc6 5. Nf3 Bd7 6. Bd3 Rc8 7. a3 {[%emt 0:01:31] C02: French: Advance Variation.} cxd4 8. O-O Nge7 (8... dxc3 $15 9. Nxc3 Nge7) 9. Re1 (9. cxd4 $11 Qb6 10. Bc2) 9... Ng6 {[%emt 0:02:25] [#]} (9... dxc3 $15 10. Nxc3 Ng6) 10. g3 $146 (10. cxd4 $14 Qb6 11. Bc2) ({Predecessor:} 10. cxd4 Nh4 11. Nbd2 Nxf3+ 12. Nxf3 Qb6 13. Be3 Qxb2 14. Ng5 h6 15. Qh5 Nd8 16. Nxf7 Nxf7 {1-0 (51) Waldschmidt,G-Haase,P Germany 1995}) 10... dxc3 $11 11. Nxc3 Qc7 12. Qe2 Bc5 13. b4 {[%emt 0:04:45] Black must now prevent Nb5.} Nd4 14. Nxd4 {[%emt 0:08:53][%mdl 64] [#] Remove Defender} Bxd4 {[%emt 0:01:31][%mdl 64] Discovered Attack} 15. Nb5 Bxb5 ({But not} 15... Qxe5 16. Nxd4 Qxd4 17. Bb2 $14) 16. Bxb5+ Kf8 17. Bb2 Bxb2 18. Qxb2 Ke7 19. h4 Rhd8 (19... Qc2 $17 20. Qxc2 Rxc2) 20. h5 Nf8 21. Qd4 a6 22. Bd3 Qc3 23. Qh4+ (23. Qe3 $15 {should be considered.}) 23... Ke8 $17 24. Rad1 Qc6 ({Stronger than} 24... Qxa3 25. Kg2) (24... Qb3 $17 25. b5 Qxa3) 25. Qg5 $36 {[%emt 0:01:48][%mdl 2048] White fights for an advantage.} g6 26. b5 Qc5 (26... Qb6 $1 $11) 27. bxa6 $16 bxa6 28. Bxa6 {[%emt 0:00:06] Threatens to win with Rc1.} Ra8 {[%emt 0:00:46] [#]} 29. Bb7 {[%emt 0:05:26] Rc1 is the strong threat. White is more active.} Ra4 30. h6 (30. Rc1 $16 Rc4 31. Ba6) 30... Rc4 ({Black should try} 30... Qc7 $15 31. Rb1 Nd7) 31. Rc1 ({Better is} 31. Ba6 $1 $14) 31... d4 $2 {[%emt 0:00:56][%mdl 8192] Loses the game.} (31... Nd7 $1 $15 {stays ahead.} 32. Rxc4 dxc4) 32. Rxc4 $18 Qxc4 33. Rc1 Qd3 34. Rc7 Nd7 35. Bc6 {[%emt 0:00:09] Bxd7+ would kill now. Really sharp!} Qf5 $2 (35... Qb1+ $18 36. Kh2 Qb6 37. Bxd7+ Rxd7 38. Rc8+ Rd8 39. Rxd8+ Qxd8 40. Qxd8+ Kxd8) 36. Bxd7+ {[%emt 0:00:10] Weighted Error Value: White=0.28 (precise) /Black=0.61} 1-0